AoeStats
← Ansrad

Four Lakes

510241928Analyzed
1v1 RM · 1d ago on Sep 30, 2026· 40m 28s· 2 players
Game mode
Random Map
Map size
Tiny (2 player)
Population
200
Speed
Normal
Resources
Standard
Victory
Conquest
Starting age
Dark Age
Ending age
Imperial Age
RankedLock teamsTeams togetherTeam positionsShared explorationLock speedFull tech treeHidden civsTurbo modeCheats
Victory
Defeat
🇨🇱 Bulgarians · Chile
724
+13
🇦🇷 Britons · Argentina
651
-13
Ansrad
10:05 Loom
11:51 Feudal Age
10:11 Loom
13:00 Double-Bit Axe
19:03 Castle Age
19:33 Scale Mail Armor
19:44 Forging
21:02 Bloodlines
21:03 Scale Barding Armor
22:26 Gambesons
28:29 Bow Saw
36:17 Imperial Age
34:28 Wheelbarrow
37:34 Chain Barding Armor
37:51 Iron Casting
37:33 Elite Konnik
[G]ohko
10:09 Feudal Age
11:35 Wheelbarrow
10:58 Double-Bit Axe
17:09 Horse Collar
20:11 Forging
20:02 Scale Mail Armor
21:32 Man-at-Arms
29:58 Castle Age
31:22 Hand Cart
30:36 Crossbowman
33:10 Heavy Plow
33:23 Bow Saw
37:12 Imperial Age
37:07 Padded Archer Armor
36:57 Fletching
36:36 Pikeman
38:18 Leather Archer Armor
39:09 Gold Mining
39:09 Stone Mining
40:16 Arbalester
Connection lost

Rejoining the realm…

Still unreachable

The connection could not be restored.

Session expired

The server has moved on; the page needs a fresh start.